 Dungeon Crawl Stone Soup version 0.27-a0-96-gb51a1d6fd6 (webtiles) character file.

Game seed: 6771400257235159275

35030 knot the Cleaver (level 13, -5/86 HPs)
             Began as a Demonspawn Berserker on Jan 19, 2021.
             Was a High Priest of Trog.
             Collided with a rock wall (7 damage)
             ... caused by a rakshasa
             ... on level 14 of the Dungeon on Jan 20, 2021.
             The game lasted 00:48:30 (22168 turns).

knot the Cleaver (Demonspawn Berserker)            Turns: 22168, Time: 00:48:31

Health: -5/86      AC: 24    Str: 19    XL:     13   Next: 45%
Magic:  0/13       EV: 11    Int: 13    God:    Trog [*****.]
Gold:   826        SH:  0    Dex: 12    Spells: 12/12 levels left

rFire    . . .     SeeInvis .   C - +8 mithril axe "Arga" {speed, Will+}
rCold    . . .     Faith    +   (no shield)
rNeg     . . .     Spirit   +   U - +3 ring mail {rPois}
rPois    +         Reflect  .   (helmet restricted)
rElec    .         Harm     .   I - +2 cloak {Will+}
rCorr    .         Rampage  .   y - +1 pair of gloves
Will     +++..                  (no boots)
Stlth    +.........             J - amulet of faith
HPRegen  0.24/turn              r - ring of willpower
MPRegen  0.26/turn              G - +4 ring of slaying

@: sanguine armour, studying Armour
A: antennae 1, powered by death 1, magic shield, magic regeneration, magic link,
sanguine armour 2
a: Renounce Religion, Berserk, Trog's Hand, Brothers in Arms


You were on level 14 of the Dungeon.
You worshipped Trog.
Trog was extremely pleased with you.
You visited 3 branches of the dungeon, and saw 18 of its levels.
You also visited: Ossuary and Bailey.

You collected 1102 gold pieces.
You spent 276 gold pieces at shops.

Inventory:

Hand Weapons
 g - the +2 executioner's axe "Tormentor" {drain, rPois Will+ Dex+3}
   (You found it in a bailey)

   A truly terrible weapon, it drains the life of those it strikes.
   It affects your dexterity (+3).
   It protects you from poison.
   It affects your willpower, your defense against some magical effects.
 n - a +0 executioner's axe
 C - the +8 mithril axe "Arga" (weapon) {speed, Will+}
   (Trog gifted it to you on level 11 of the Dungeon)

   Attacks with this weapon are significantly faster.
   It affects your willpower, your defense against some magical effects.
 V - a +2 mace of draining
Missiles
 c - 26 poisoned darts (quivered)
 o - 5 curare-tipped darts
 t - 6 boomerangs
 D - 113 sling bullets
Armour
 m - a +0 robe of resistance
 y - a +1 pair of gloves (worn)
 I - a +2 cloak of willpower (worn)
 N - +0 acid dragon scales
 U - a +3 ring mail of poison resistance (worn)
Jewellery
 k - an uncursed amulet of reflection
 r - a ring of willpower (left hand)
 G - a +4 ring of slaying (right hand)
 J - an amulet of faith (around neck)
 O - an uncursed ring of fire
 R - an uncursed ring of willpower
 S - an uncursed ring of see invisible
 W - an uncursed ring of resist corrosion
Wands
 p - a wand of disintegration (11)
 u - a wand of acid (13)
 B - a wand of iceblast (21)
 K - a wand of digging (4)
 Z - a wand of paralysis (15)
Scrolls
 d - 5 scrolls of teleportation
 f - 9 scrolls of enchant armour
 l - 14 scrolls of remove curse
 w - 2 scrolls of fog
 x - 2 scrolls of identify
 E - 2 scrolls of blinking
 H - a scroll of magic mapping
 L - 2 scrolls of immolation
 Q - 2 scrolls of fear
 X - a scroll of enchant weapon
Potions
 a - 2 potions of haste
 b - 4 potions of might
 e - 2 potions of mutation
 h - 2 potions of invisibility
 i - 2 potions of heal wounds
 j - 2 potions of berserk rage
 q - 9 potions of curing
 v - a potion of magic
 z - 5 potions of cancellation
 A - 5 potions of flight
 F - 4 potions of lignification
 M - 3 potions of ambrosia
Books
 T - a manual of Armour
Miscellaneous
 P - a lightning rod (4/4)


   Skills:
 - Level 3.0 Fighting
 * Level 14.7 Axes
 * Level 14.1 Throwing
 * Level 6.4 Armour
 - Level 1.7 Dodging


You had 12 spell levels left.
You didn't know any spells.
Your spell library contained the following spells:

 Spells                   Type           Power        Failure   Level
 Beastly Appendage        Tmut           0%           45%         1
 Freeze                   Ice            0%           45%         1
 Magic Dart               Conj           0%           45%         1
 Sandblast                Erth           0%           45%         1
 Summon Small Mammal      Summ           0%           45%         1
 Blink                    Tloc           N/A          58%         2
 Call Imp                 Summ           0%           58%         2
 Passwall                 Tmut/Erth      0%           58%         2
 Slow                     Hex            0%           58%         2
 Call Canine Familiar     Summ           0%           83%         3
 Conjure Flame            Conj/Fire      0%           83%         3
 Frozen Ramparts          Ice            0%           83%         3
 Mephitic Cloud           Conj/Pois/Air  0%           83%         3
 Ozocubu's Armour         Ice            0%           83%         3
 Spider Form              Tmut/Pois      0%           83%         3
 Stone Arrow              Conj/Erth      0%           83%         3
 Summon Guardian Golem    Hex/Summ       0%           83%         3
 Hailstorm                Conj/Ice       0%           99%         4
 Petrify                  Tmut/Erth      0%           99%         4
 Summon Ice Beast         Ice/Summ       0%           99%         4
 Summon Lightning Spire   Summ/Air       0%           99%         4
 Lee's Rapid Deconstruct  Erth           0%           100%        5


Dungeon Overview and Level Annotations

Branches:
Dungeon (14/15)            Temple (1/1) D:6            Lair (3/6) D:8
 Spider (0/4) Lair:2          Orc (0/2) D:10        Ossuary (visited)
 Bailey (visited)
  Swamp: Lair:2-4    Shoals: Lair:2-4    Vaults: D:13-14

Altars:
Ashenzari
Cheibriados
Dithmenos
Elyvilon
Fedhas
Gozag
Hepliaklqana
Kikubaaqudgha
Makhleb
Nemelex Xobeh
Okawaru
Qazlal
Ru
Sif Muna
Trog
Uskayaw
Vehumet
Wu Jian
Xom
Yredelemnul
Zin
The Shining One

Shops:
D:4 *   D:8 *!*[   D:13 *


Innate Abilities, Weirdness & Mutations

You have a pair of small antennae on your head.
You regenerate a little health from kills.
When hurt, damage is shared between your health and your magic reserves.
You regenerate magic rapidly.
When low on magic, you restore magic in place of health.
When seriously injured, your bleeding wounds create thick armour. (AC +9)


Message History

You kill the soldier ant!
Trog accepts your kill.
Your deep troll goes berserk!
The rakshasa gestures at you. The lance of force hits you.
You are knocked back by the lance of force.
You slam into the rock wall!
* * * LOW HITPOINT WARNING * * *
You swap places.
Your deep troll closely misses the rakshasa.
Your deep troll claws the rakshasa.
Your deep troll misses the rakshasa.
You are too injured to fight recklessly!
You slice the rakshasa!!
The rakshasa is severely wounded.
The rakshasa gestures at you. The lance of force hits you!!
* * * LOW HITPOINT WARNING * * *
You are knocked back by the lance of force.
You slam into the rock wall!
You die...

......#.. .## #########
........# #.# #8#8#8#8#
........# #.# ###.#.#.#.#
........# #.# #..........
........# #.# #.#.#.#.#.#
........## #.###.#8#8#8#8#
.......TR####.##.##########
..........#......#
.......##.@.....## ......#
######...... .....# ##..###
...## #### #.. ##


You could see a rakshasa and a friendly deep troll (summoned, berserk).

Vanquished Creatures
  A boulder beetle (D:11)
  3 centaur warriors (D:13)
  A two-headed ogre (D:10)
  5 death yaks (D:7)
  An unseen horror (D:12)
  A deep elf mage (D:13)
  3 ugly things
  An orc knight (Bailey)
  A manticore (D:12)
  2 centaur zombies
  A torpor snail (Lair:2)
  3 cane toads
  A gargoyle (D:12)
  4 centaur skeletons
  Psyche (D:12)
  2 rime drakes
  4 komodo dragons
  A kobold demonologist (D:12)
  An efreet (D:13)
  The ghost of LobsterGuardian the Covert, a novice OpBr (D:5)
  4 trolls
  3 slime creatures (D:12)
  3 hornets
  3 blink frogs (Lair:3)
  4 wyverns
  A basilisk (Lair:1)
  A basilisk (shapeshifter) (D:13)
  A steam dragon (D:8)
  15 yaks
  Menkaure (D:7)
  A soldier ant (D:14)
  10 water moccasins
  An acid dragon (D:13)
  20 orc warriors
  A meliai simulacrum (D:14)
  4 ice beasts
  2 black bears (D:12)
  4 sky beasts
  A hornet zombie (D:10)
  4 ogres
  11 wolves
  2 eyes of draining
  16 centaurs
  A big kobold (D:11)
  13 bullfrogs
  A wyvern zombie (D:7)
  A wyvern skeleton (D:10)
  7 scorpions
  A water moccasin skeleton (D:10)
  2 oklob saplings (D:9)
  20 killer bees
  A howler monkey (D:13)
  3 vampire bats (Lair:2)
  12 wights
  4 bullfrog zombies
  3 jellies
  A quasit (D:9)
  8 orc priests
  6 hounds
  8 orc wizards
  2 bullfrog skeletons
  2 iguanas (D:12)
  13 worker ants
  A bullfrog simulacrum (D:5)
  A centaur simulacrum (D:5)
  A hound skeleton (D:4)
  3 mummies (Ossuary)
  Robin (D:4)
  A howler monkey zombie (D:6)
  3 worker ant zombies
  3 gnolls (D:4)
  A howler monkey skeleton (D:11)
  19 adders
  2 shadow imps (D:8)
  A white imp (D:5)
  2 worker ant simulacra (D:5)
  2 oozes
  3 adder zombies (Ossuary)
  2 adder skeletons
  4 worms
  6 leopard geckos
  64 orcs
  17 bats
  5 giant cockroaches
  2 gnoll zombies (Ossuary)
  19 goblins
  6 hobgoblins
  15 jackals
  3 quokkas
  8 ball pythons
  6 frilled lizards
  4 goblin zombies
  2 hobgoblin zombies (Ossuary)
  A jackal simulacrum (D:5)
  7 kobolds
  A leopard gecko skeleton (D:6)
  An orc zombie (Ossuary)
  A quokka skeleton (D:7)
  5 quokka zombies
  5 rats
  3 rat zombies (Ossuary)
491 creatures vanquished.

Vanquished Creatures (collateral kills)
  The ghost of hehateme the Transmogrifier, a novice DrTm of Okawaru (D:10)
  2 death yaks (D:8)
  The ghost of Imnulubo the Destroyer, a novice TeFE of Vehumet (Lair:1)
  An ugly thing (D:11)
  A gargoyle (D:11)
  A polar bear (D:10)
  2 spriggans (D:10)
  2 vampires (D:11)
  A yak (D:10)
  An acid dragon (D:9)
  An orc warrior (D:10)
  A black bear (D:10)
  A big kobold (D:11)
  A bullfrog (D:11)
  6 killer bees (D:11)
  3 wights
  An orc priest (D:9)
  A hound (D:11)
  An adder (D:8)
  4 orcs (D:11)
  A kobold (D:11)
34 creatures vanquished.

Vanquished Creatures (others)
  10 fungi
  13 plants
23 creatures vanquished.

Grand Total: 548 creatures vanquished

Notes
Turn   | Place    | Note
-------+----------+-------------------------------------------
     0 | D:1      | knot the Demonspawn Berserker began the quest for the Orb.
     0 | D:1      | Reached XP level 1. HP: 18/18 MP: 1/1
   290 | D:1      | Gained mutation: When hurt, damage is shared between your
                  | health and your magic reserves. [demonic ancestry]
   290 | D:1      | Reached XP level 2. HP: 20/24 MP: 2/2
  1018 | D:2      | Gained mutation: You have a pair of small antennae on your
                  | head. [demonic ancestry]
  1018 | D:2      | Reached XP level 3. HP: 29/29 MP: 1/3
  2110 | D:3      | Gained mutation: You regenerate a little health from kills.
                  | [demonic ancestry]
  2110 | D:3      | Reached XP level 4. HP: 26/35 MP: 4/4
  2209 | D:3      | Found an iron altar of Okawaru.
  2218 | D:3      | Reached ** piety under Trog
  2426 | D:3      | Reached skill level 1 in Throwing
  2510 | D:3      | Reached skill level 5 in Axes
  2510 | D:3      | Reached XP level 5. HP: 37/41 MP: 3/5
  3158 | D:3      | Gained mutation: When seriously injured, your bleeding
                  | wounds create armour. (AC +9) [demonic ancestry]
  3158 | D:3      | Reached XP level 6. HP: 46/47 MP: 6/6
  3975 | D:4      | Found a blossoming altar of Fedhas.
  4497 | D:4      | Found Deujoth's General Store.
  4534 | D:4      | Noticed Robin
  4547 | D:4      | Reached XP level 7. HP: 52/52 MP: 7/7
  4548 | D:4      | Killed Robin
  5082 | D:5      | Entered Level 5 of the Dungeon
  5105 | D:5      | Found a runed translucent gate.
  5105 | D:5      | Found a runed translucent gate.
  5105 | D:5      | Found a runed translucent gate.
  5167 | D:5      | Found a sand-covered staircase.
  5180 | Ossuary  | Entered an ossuary
  5259 | Ossuary  | Reached *** piety under Trog
  5606 | D:5      | Got a bronze ring mail
  5617 | D:5      | Identified the +2 ring mail "Yxzost" {Will+ rCorr Int-3}
                  | (You found it on level 5 of the Dungeon)
  6044 | D:5      | Noticed LobsterGuardian's ghost (novice OpBr)
  6101 | D:5      | Reached skill level 5 in Throwing
  6389 | D:5      | Gained mutation: When seriously injured, your bleeding
                  | wounds create thick armour. (AC +9) [demonic ancestry]
  6389 | D:5      | Reached XP level 8. HP: 58/58 MP: 8/8
  6705 | D:5      | Killed LobsterGuardian's ghost
  7236 | D:6      | Reached **** piety under Trog
  7282 | D:6      | Found a staircase to the Ecumenical Temple.
  7774 | D:6      | Found an opulent altar of Gozag.
  8063 | Temple   | Entered the Ecumenical Temple
  8177 | D:7      | Found a sacrificial altar of Ru.
  8177 | D:7      | Noticed Menkaure
  8184 | D:7      | Killed Menkaure
  8491 | D:7      | Reached XP level 9. HP: 48/63 MP: 4/9
  9166 | D:8      | Noticed a death yak
  9169 | D:8      | Noticed a death yak
  9172 | D:8      | Killed a death yak
  9173 | D:8      | Noticed a death yak
  9173 | D:8      | Noticed a death yak
  9173 | D:8      | Noticed a death yak
  9176 | D:8      | Noticed a death yak
  9177 | D:8      | Killed a death yak
  9179 | D:8      | Noticed a death yak
  9398 | D:7      | Killed a death yak
  9403 | D:7      | Killed a death yak
  9404 | D:7      | Reached skill level 10 in Axes
  9404 | D:7      | Gained mutation: You regenerate magic rapidly. [demonic
                  | ancestry]
  9404 | D:7      | Reached XP level 10. HP: 41/70 MP: 5/10
  9856 | D:7      | Killed a death yak
  9858 | D:7      | Killed a death yak
  9995 | D:7      | Killed a death yak
 10437 | D:8      | Found a staircase to the Lair.
 10463 | D:8      | Reached skill level 10 in Throwing
 10506 | D:8      | Found Rened's General Store.
 10514 | D:8      | Found a shimmering altar of Xom.
 10830 | D:8      | Found Wopaujij's Distillery.
 10886 | D:8      | Found Ifoaczun's General Store.
 10981 | D:8      | Found Okkarch's Armour Emporium.
 12228 | D:9      | Found a blossoming altar of Fedhas.
 12296 | D:9      | Identified the Incunabulum of Nature
 12307 | D:9      | Reached XP level 11. HP: 67/75 MP: 9/11
 12496 | D:10     | Entered Level 10 of the Dungeon
 12531 | D:10     | Reached ***** piety under Trog
 12643 | D:10     | Found a staircase to the Orcish Mines.
 12809 | D:10     | Noticed a two-headed ogre
 12836 | D:10     | Killed a two-headed ogre
 13133 | D:10     | Received a gift from Trog
 13458 | D:10     | Found a runed translucent door.
 13459 | D:10     | Noticed hehateme's ghost (novice DrTm)
 13459 | D:10     | Identified the +4 spear of Heroez {distort, rN+ Dex+3}
 13616 | D:10     | Killed hehateme's ghost
 13708 | D:8      | Bought a +3 ring mail of poison resistance for 276 gold
                  | pieces
 13745 | Lair:1   | Entered Level 1 of the Lair of Beasts
 14039 | Lair:1   | Found a large runed translucent door.
 14142 | Lair:1   | Found a large runed translucent door.
 14144 | Lair:1   | Noticed Imnulubo's ghost (novice TeFE)
 15049 | Lair:1   | Killed Imnulubo's ghost
 15174 | Lair:2   | Reached XP level 12. HP: 81/81 MP: 12/12
 16741 | Lair:2   | Found a hole to the Spider Nest.
 17500 | D:11     | Received a gift from Trog
 17501 | D:11     | Found the +8 mithril axe "Arga" {speed, Will+}
 17860 | D:11     | Noticed a boulder beetle
 17874 | D:11     | Killed a boulder beetle
 18109 | D:12     | Noticed Psyche
 18116 | D:12     | Killed Psyche
 18161 | D:12     | Found a flagged portal.
 18183 | Bailey   | Entered a bailey
 18794 | Bailey   | Got an iridescent executioner's axe
 18806 | Bailey   | Identified the +2 executioner's axe "Tormentor" {drain,
                  | rPois Will+ Dex+3} (You found it in a bailey)
 19452 | D:12     | Gained mutation: When low on magic, you restore magic in
                  | place of health. [demonic ancestry]
 19452 | D:12     | Reached XP level 13. HP: 79/86 MP: 11/13
 21007 | D:13     | Received a gift from Trog
 21024 | D:13     | Reached skill level 5 in Armour
 21093 | D:12     | Reached ****** piety under Trog
 21460 | D:13     | Found Abuar's Demolitions Depot.
 22168 | D:14     | HP: 2/86 [rakshasa/lance of force (20)]
 22168 | D:14     | Collided with a rock wall

Illustrated notes

Levels and vault maps discovered:
D:1:      grunt_arrival_lava_bath, layout_rooms, kennysheep_nondescript
D:2:      layout_basic
D:3:      layout_basic, old_standard_altar, minmay_strange_pillars
D:4:      layout_basic, serial_shops, shop, fedhas_altar_1, uniq_robin
D:5:      layout_loops_ring, gammafunk_ghost_icy, enter_ossuary_4
D:6:      layout_loops_ring, minmay_temple_entry_ruins,
          nicolae_gozag_seed_capital
D:7:      layout_gridville, basic_altar, uniq_menkaure
D:8:      layout_rooms, dpeg_lair_monsters, basic_altar, serial_shops,
          nicolae_shop_trees, kennysheep_little_box, shop_statue, shop_coins
D:9:      layout_rooms, introduction_to_nature_1
D:10:     layout_cave_pools, orc_0_dummy, ebering_ghost_funeral_grove
D:11:     layout_loops_cross, palyth_stone_intersect, minmay_curled_crystal,
          kennysheep_generic_room_8
D:12:     layout_basic, enter_bailey_3, uniq_psyche
D:13:     layout_rooms, nicolae_blasting_shop, onia_ninara_dug_in_and_dangerous
D:14:     kennysheep_kobold_lugonu_temple, layout_layer_cave,
          grunt_vaults_entry_tiered, minmay_misc_feat_hallway
Temple:   grunt_wide_crystal_templ
Lair:1:   layout_chaotic_city, ebering_ghost_disaster_area, grunt_megastairs_1
Lair:2:   layout_big_grid, nicolae_spider_entry_non_spiders, minivault_23,
          roderic_batcave
Lair:3:   layout_chaotic_city, swamp_mist_pool

Skill      XL: |  1  2  3  4  5  6  7  8  9 10 11 12 13 |
---------------+----------------------------------------+-----
Axes           | 3 4 5 6 7 8 10 11 12 14 | 14.7
Throwing       | 1 2 3 5 7 8 10 12 13 14 | 14.1
Armour         | 3 6 |  6.4
Fighting       | |  3.0
Dodging        | |  1.7

Action                   |  1- 3 |  4- 6 |  7- 9 | 10-12 | 13-15 || total
-------------------------+-------+-------+-------+-------+-------++-------
Melee: Hand axe          |   121 |   163 |   390 |   119 |       ||   793
       War axe           |       |       |       |   372 |       ||   372
       Broad axe         |       |       |       |   148 |   162 ||   310
Throw: Dart              |       |    36 |    17 |   139 |     7 ||   199
       Stone             |       |     5 |       |     1 |       ||     6
       Boomerang         |       |       |     2 |   218 |     5 ||   225
Invok: Berserk           |     1 |     8 |    13 |    11 |     1 ||    34
       Trog's Hand       |       |     3 |     1 |     2 |     1 ||     7
       Brothers in Arms  |       |       |     2 |     6 |     1 ||     9
Evoke: Wand              |       |       |       |     9 |       ||     9
  Use: Scroll            |       |     1 |     7 |    21 |     4 ||    33
       Potion            |       |       |       |     2 |       ||     2
 Stab: Sleeping          |       |       |     1 |       |       ||     1
       Paralysed         |       |       |       |     2 |       ||     2
Armor: Animal skin       |    29 |       |       |       |       ||    29
       Ring mail         |    20 |    56 |    77 |   328 |    72 ||   553
       Robe              |       |    12 |    58 |       |       ||    70
Dodge: Dodged            |    99 |   107 |   202 |   395 |    88 ||   891

Table legend: (Time is in decaauts)
 A = Elapsed time spent in this place.
 B = Non-inter-level travel time spent in this place.
 C = Inter-level travel time spent in this place.
 D = Time resting spent in this place.
 E = Time spent auto-exploring this place.
 F = Levels seen in this place.
 G = Mean time per level.
                   A        B        C        D        E       F      G
               +--------+--------+--------+--------+--------+-----+--------+
         Total |  22234 |  21136 |   1098 |   6423 |  11433 |  20 | 1111.7 |
       Dungeon |  17662 |  16782 |    880 |   5086 |   9030 |  14 | 1261.6 |
        Temple |     83 |     71 |     12 |      0 |     71 |   1 |   83.0 |
          Lair |   3138 |   2934 |    204 |    882 |   1717 |   3 | 1046.0 |
       Ossuary |    338 |    338 |      0 |     67 |    183 |   1 |  338.0 |
        Bailey |   1011 |   1011 |      0 |    387 |    432 |   1 | 1011.0 |
               +--------+--------+--------+--------+--------+-----+--------+

Top non-repeatable levels by time:
     D:7: 2276 daAuts
     D:3: 1918 daAuts
  Lair:2: 1899 daAuts
    D:12: 1541 daAuts
     D:5: 1499 daAuts
     D:8: 1345 daAuts
     D:6: 1315 daAuts
     D:2: 1293 daAuts
     D:9: 1227 daAuts
    D:10: 1172 daAuts
     D:4: 1160 daAuts
    D:11: 1152 daAuts
  Lair:1: 1102 daAuts
  Bailey: 1011 daAuts
    D:13: 868 daAuts
